 Dungeon Crawl Stone Soup version 0.14-a0-1029-g9530a8b (webtiles) character file.

707 PolkaDot the Ruinous (level 7, -6/46 HPs)
             Began as a Vampire Conjurer on Nov 23, 2013.
             Was a Follower of Vehumet.
             Mangled by an orc warrior
             ... wielding a +0,+1 orcish short sword
              (9 damage)
             ... while paralysed by a giant eyeball
             ... on Level 4 of the Dungeon.
             The game lasted 00:18:14 (4320 turns).

PolkaDot the Ruinous (Vampire Conjurer)             Turns: 4320, Time: 00:18:14

HP  -6/46        AC  3     Str  7      XL: 7   Next: 37%
MP   9/11        EV  2     Int 19      God: Vehumet [*.....]
Gold 13          SH  0     Dex 14      Spells:  4 memorised,  0 levels left

Res.Fire  : . . .   See Invis. : +   h - +2 elf dagger
Res.Cold  : . . .   Warding    : .   j - +0 robe of Iteram {+Blink rElec rPois MR++ Stlth+}
Life Prot.: . . .   Conserve   : .   (no shield)
Res.Poison: +       Res.Corr.  : .   (no helmet)
Res.Elec. : +       Clarity    : .   b - +0 dwarf cloak
Sust.Abil.: . .     Spirit.Shd : .   (no gloves)
Res.Mut.  : .       Stasis     : .   (no boots)
Res.Rott. : .       Flight     : .   (no amulet)
Saprovore : . . .                    (no ring)
                                     q - ring of wizardry

@: paralysed, regenerating quickly, very resistant to hostile enchantments,
quite stealthy
A: bottle blood, fangs 3, see invisible, unbreathing
a: Bottle Blood, Renounce Religion, Evoke Blink


You were on level 4 of the Dungeon.
You worshipped Vehumet.
Vehumet was aware of your devotion.
You were very full.

You visited 1 branch of the dungeon, and saw 4 of its levels.

You collected 78 gold pieces.
You spent 65 gold pieces at shops.

Inventory:

Hand weapons
 h - a +2,+2 elven dagger (weapon)
Armour
 b - a +0 dwarven cloak (worn)
 j - the +0 robe of Iteram (worn) {+Blink rElec rPois MR++ Stlth+}
   (You found it on level 4 of the Dungeon)

   It insulates you from electricity.
   It protects you from poison.
   It affects your resistance to hostile enchantments.
   It lets you blink.
   It makes you much more stealthy.
Scrolls
 f - a scroll of enchant armour
 i - a scroll of remove curse
 k - a scroll of teleportation
 v - 2 scrolls of amnesia
Jewellery
 q - a ring of wizardry (left hand)
Potions
 a - a potion of poison
 d - a potion of beneficial mutation
 e - a potion of magic
 l - 2 potions of agility {unknown}
 m - a potion of paralysis {unknown}
 o - 2 potions of curing
 r - a potion of confusion {unknown}
 s - 2 potions of restore abilities {unknown}
 w - a potion of brilliance {unknown}
 x - 2 potions of heal wounds
Books
 c - a book of Conjurations

   Spells                             Type                      Level
   *Magic Dart                        Conjuration                  1
   *Searing Ray                       Conjuration                  2
   Dazzling Spray                     Conjuration/Hexes            3
   *Iskenderun's Mystic Blast         Conjuration                  4
   Iskenderun's Battlesphere          Conjuration/Charms           4
   Fulminant Prism                    Conjuration/Hexes            5


   Skills:
 - Level 2.1 Dodging
 - Level 3.0 Stealth
 - Level 1.0 Spellcasting
 * Level 6.9 Conjurations


You couldn't memorise any spells.
You knew the following spells:

 Your Spells              Type           Power        Failure   Level  Hunger
a - Sting                 Conj/Pois      ##..         2%          1    ##.....
d - Iskenderun's Mystic   Conj           ####....     4%          4    #####..
s - Searing Ray           Conj           ####..       1%          2    ###....
z - Magic Dart            Conj           ####         1%          1    ##.....


Dungeon Overview and Level Annotations

Branches:
Dungeon (4/16)
 Temple: D:4-7

Altars:
Elyvilon
Makhleb
Vehumet
Yredelemnul

Shops:
D:4 [!


Innate Abilities, Weirdness & Mutations

Your natural rate of healing is unusually fast.
You can bottle blood from corpses.
You have razor-sharp teeth.*
You have supernaturally acute eyesight.
You can survive without breathing.*


Message History

The orc warrior hits you with an orcish short sword!
The orc warrior hits you with an orcish short sword.
* * * LOW HITPOINT WARNING * * *
You can move again.
Drink which item? (? for menu, Esc to quit)
Okay, then.
Read which item? (? for menu, Esc to quit)
Okay, then.
Drink which item? (? for menu, Esc to quit)
You feel much better. The orc warrior closely misses you.
Read which item? (? for menu, Esc to quit)
As you read the scroll of teleportation, it crumbles to dust.
You feel strangely unstable.
The orc warrior hits you with an orcish short sword!
Your surroundings seem slightly different.
The giant eyeball stares at you.
You suddenly lose the ability to move!
The orc warrior hits you with an orcish short sword!
* * * LOW HITPOINT WARNING * * *
The orc warrior hits you with an orcish short sword!
You die...

. ####'##### #...##.. #..#
###.#### ##.# #...# #.# #[#.# #.#
#...# #.# #.#.+ .####### ####'###
#...#..# .........# #...G..#
#[#.#... .........# #@o....#
#...#... .........# #ยง.....#
###.#... .........#
###......####...#...
.........#####.)......##.#.#.# ..
.......>.#.....#......##.#...# ..
........)..#####......'..#.#.####
.........### #......####...#.##
####)##### ###'#### #.#[#..#
###)# #....# #...##.#


You could see an orc warrior and a giant eyeball.

Vanquished Creatures
  An ice beast (D:4)
  2 ogres (D:4)
  A jelly (D:4)
  A crimson imp (D:4)
  A hound (D:4)
  An orc priest (D:4)
  2 orc wizards (D:4)
  A worker ant (D:4)
  An iguana (D:4)
  An ogre skeleton (D:4)
  2 giant mites (D:2)
  10 adders
  An adder skeleton (D:4)
  A giant gecko (D:1)
  5 orcs
  9 bats
  7 goblins
  11 hobgoblins
  3 ball pythons
  2 giant newts
  A hobgoblin skeleton (D:4)
  7 jackals
  8 kobolds
  An orc zombie (D:4)
  2 rats
  A rat zombie (D:4)
83 creatures vanquished.

Notes
Turn   | Place    | Note
--------------------------------------------------------------
     0 | D:1      | PolkaDot, the Vampire Conjurer, began the quest for the Orb.
     0 | D:1      | Reached XP level 1. HP: 13/13 MP: 4/4
   439 | D:1      | Reached XP level 2. HP: 13/19 MP: 2/5
   573 | D:1      | Learned a level 2 spell: Searing Ray
  1093 | D:2      | Reached XP level 3. HP: 24/24 MP: 0/6
  1186 | D:2      | Found a basalt altar of Yredelemnul.
  1328 | D:2      | Reached skill level 4 in Conjurations
  1473 | D:2      | Reached XP level 4. HP: 22/30 MP: 1/8
  2078 | D:2      | Found a burning altar of Makhleb.
  2321 | D:3      | Found a white marble altar of Elyvilon.
  2780 | D:4      | Found a radiant altar of Vehumet.
  2782 | D:4      | Noticed an ogre
  2788 | D:4      | Became a worshipper of Vehumet
  2793 | D:4      | Killed an ogre
  2793 | D:4      | Reached skill level 5 in Conjurations
  2793 | D:4      | Reached XP level 5. HP: 35/35 MP: 1/9
  2980 | D:4      | Found Grapac's Distillery.
  2988 | D:4      | Bought a potion of heal wounds for 39 gold pieces
  2988 | D:4      | Bought a potion of curing for 26 gold pieces
  3154 | D:4      | Reached XP level 6. HP: 25/41 MP: 1/10
  3329 | D:4      | Learned a level 4 spell: Iskenderun's Mystic Blast
  3402 | D:4      | Reached skill level 6 in Conjurations
  3735 | D:4      | Acquired Vehumet's first power
  3735 | D:4      | Offered knowledge of Sting by Vehumet.
  3822 | D:4      | Found Walyrehary's Armour Emporium.
  3828 | D:4      | Got a crude robe
  3835 | D:4      | Identified the +0 robe of Iteram {+Blink rElec rPois MR++ Stlth+} (You found it on level 4 of the Dungeon)
  3962 | D:4      | Reached XP level 7. HP: 46/46 MP: 0/11
  4119 | D:4      | Noticed an ice beast
  4144 | D:4      | Killed an ice beast
  4235 | D:4      | Noticed an orc warrior
  4241 | D:4      | Learned a level 1 spell: Sting
  4311 | D:4      | Paralysed by a giant eyeball for 3 turns
  4318 | D:4      | Paralysed by a giant eyeball for 4 turns
  4319 | D:4      | HP: 2/46 [orc warrior/orcish short sword (18)]
  4320 | D:4      | Mangled by an orc warrior

Action                   |  1- 3 |  4- 6 |  7- 9 || total
-------------------------+-------+-------+-------++-------
Melee: Unarmed           |     4 |       |       ||     4
       Dagger            |    17 |    20 |     4 ||    41
 Cast: Magic Dart        |    48 |    68 |       ||   116
       Searing Ray       |     2 |    19 |     4 ||    25
       Iskenderun's Myst |       |     3 |       ||     3
       Sting             |       |       |     8 ||     8
  Use: Scroll            |       |    14 |     1 ||    15
       Potion            |       |       |     1 ||     1
 Stab: Sleeping          |     1 |       |       ||     1
